 Dungeon Crawl Stone Soup version 0.27-a0-1245-g940ed4fa31 (webtiles) character file.

Game seed: 18404186320198678072

74 toffzen the Skirmisher (level 4, -1/29 HPs)
             Began as a Gargoyle Fighter on June 10, 2021.
             Slain by an orc
             ... wielding a +0 morningstar
              (10 damage)
             ... on level 3 of the Dungeon.
             The game lasted 00:03:00 (1883 turns).

toffzen the Skirmisher (Gargoyle Fighter)           Turns: 1883, Time: 00:03:00

Health: -1/29      AC: 10    Str: 21    XL:     4   Next: 30%
Magic:  13/13      EV:  7    Int:  8    God:
Gold:   93         SH:  9    Dex:  9    Spells: 3/3 levels left

rFire    . . .     SeeInvis .   a - +0 flail
rCold    . . .     Faith    .   c - +0 kite shield
rNeg     + . .     Spirit   .   b - +0 scale mail
rPois    ∞         Reflect  .   (no helmet)
rElec    +         Harm     .   (no cloak)
rCorr    .         Rampage  .   (no gloves)
Will     .....                  (no boots)
Stlth    ..........             (no amulet)
HPRegen  0.09/turn              e - ring of magical power
MPRegen  0.13/turn              (no ring)

@: no status effects
A: sickness immunity, AC +3, negative energy resistance 1, electricity
resistance, torment resistance 1, petrification resistance
a: no special abilities


You were on level 3 of the Dungeon.
You visited 1 branch of the dungeon, and saw 3 of its levels.

You collected 93 gold pieces.

Inventory:

Hand Weapons
 a - a +0 flail (weapon)
Missiles
 f - 15 stones (quivered)
Armour
 b - a +0 scale mail (worn)
 c - a +0 kite shield (worn)
Jewellery
 e - a ring of magical power (left hand)
Scrolls
 g - a scroll of immolation {unknown}
 i - a scroll of vulnerability {unknown}
Potions
 d - a potion of might
 h - a potion of magic {unknown}
 j - a potion of brilliance {unknown}


   Skills:
 + Level 3.8 Fighting
 * Level 3.1 Maces & Flails
 + Level 3.8 Armour
 + Level 3.8 Shields


You had 3 spell levels left.
You didn't know any spells.
Your spell library was empty.

Dungeon Overview and Level Annotations

Branches:
Dungeon (3/15)

Altars:


Innate Abilities, Weirdness & Mutations

You are immune to sickness and miasma.
Your stone body is resilient. (AC +3)
You are immune to poison.
You resist negative energy. (rN+)
You are resistant to electric shocks. (rElec)
You are resistant to unholy torment.
You are immune to petrification.


Message History

There is a stone staircase leading down here.
h - a glowing puce potion
Found 13 gold pieces.
Found a club.
You now have 93 gold pieces (gained 13).
You open the door.
There is an open door here.
You open the large door.
There is a large open door here.
There is a large open door here.
There is a large open door here.
You open the large door.
Found a robe.
Found a scroll labelled SAYDONKU MIUTS.
There is a large open door here.
Found an escape hatch in the floor.
There is a large open door here.
Found a bubbling emerald potion.
i - a scroll labelled SAYDONKU MIUTS
j - a bubbling emerald potion
There is a stone staircase leading down here.
There is a stone staircase leading down here.
You climb downwards.
There is a stone staircase leading up here.
An orc comes into view. It is wielding a +0 morningstar.
The orc shouts!
You hit the orc but do no damage. The orc hits you but does no damage.
You closely miss the orc. The orc hits you with a +0 morningstar.
You block the orc's attack.
You hit the orc.
The orc is lightly wounded.
The orc hits you but does no damage.
You hit the orc.
The orc is heavily wounded.
The orc hits you with a +0 morningstar! x2
* * * LOW HITPOINT WARNING * * *
You closely miss the orc.
The orc is heavily wounded.
The orc hits you with a +0 morningstar!
You die...

## .. ##o ... ##.########
..........#
##.######.################
... #.................#
### #.......o@..#####.#
#.#########.#.#...#
#.............#.###
########..#.#<#.#
#...#.###.# #.....###.#
#.......#.# #######.#.###
#.#...#


You could see an orc.

Vanquished Creatures
  A hound (D:2)
  A hound skeleton (D:2)
  A dart slug (D:1)
  A bat (D:1)
  2 endoplasms
  2 giant cockroaches (D:1)
  4 goblins
  A hobgoblin (D:1)
  A quokka (D:1)
  2 ball pythons (D:1)
  A frilled lizard (D:1)
  8 kobolds
  7 rats
32 creatures vanquished.

Notes
Turn   | Place    | Note
-------+----------+-------------------------------------------
     0 | D:1      | toffzen the Gargoyle Fighter began the quest for the Orb.
     0 | D:1      | Reached XP level 1. HP: 14/14 MP: 1/1
   346 | D:1      | Reached XP level 2. HP: 17/19 MP: 2/2
  1267 | D:2      | Reached XP level 3. HP: 16/23 MP: 3/3
  1438 | D:2      | Reached XP level 4. HP: 26/29 MP: 4/4
  1476 | D:2      | Noticed an ogre
  1883 | D:3      | Slain by an orc

Illustrated notes

Levels and vault maps discovered:
D:1:      moated_graveyard_arrival, layout_loops_cross
D:2:      layout_basic, grunt_decor_arrowhead, minmay_misc_feat_diagonals,
          minmay_pentomino_s4, uniq_terence
D:3:      layout_basic, serial_shops, nicolae_shop_overgrown_old_shop,
          uniq_purgy, uniq_grinder, uniq_crazy_yiuf_cottage, uniq_jessica

Skill      XL: |  1  2  3 |
---------------+----------+-----
Maces & Flails | 3 |  3.1
Fighting       | |  3.8
Armour         | |  3.8
Shields        | |  3.8

Action                   |  1- 3 |  4- 6 || total
-------------------------+-------+-------++-------
Melee: Flail             |    91 |    17 ||   108
Armor: Scale mail        |    42 |     6 ||    48
Dodge: Dodged            |    27 |     4 ||    31
Block: Kite shield       |    57 |     9 ||    66

Table legend: (Time is in decaauts)
 A = Elapsed time spent in this place.
 B = Non-inter-level travel time spent in this place.
 C = Inter-level travel time spent in this place.
 D = Time resting spent in this place.
 E = Time spent auto-exploring this place.
 F = Levels seen in this place.
 G = Mean time per level.
                   A        B        C        D        E       F      G
               +--------+--------+--------+--------+--------+-----+--------+
         Total |   1940 |   1888 |     52 |    634 |    655 |   3 |  646.7 |
       Dungeon |   1940 |   1888 |     52 |    634 |    655 |   3 |  646.7 |
               +--------+--------+--------+--------+--------+-----+--------+

Top non-repeatable levels by time:
     D:1: 1469 daAuts
     D:2: 391 daAuts
     D:3: 78 daAuts
